Map: Emerald City LE

Players

YamKay

  • Race: Protoss Protoss
  • League: Platinum
  • Spawn Location: 5:00

CheeseMe

  • Race: Protoss Protoss
  • League: Diamond
  • Spawn Location: 5:00

Throwfordays

  • Race: Protoss Protoss
  • League: Silver
  • Spawn Location: 11:00

Faust

  • Race: Zerg Zerg
  • League: Diamond
  • Spawn Location: 11:00

VOD

Have the link to the VOD?

Description

Time

  • Played on: April 29, 2019, 11:46 p.m.
  • Length: 18:38
Show
View Real Time Build Order
Export as new Build Order

YamKay Protoss 

Build Orders: Zealot Archon 

Get SALT Encoding   

  12  0:00  Probe  
  13  0:12  Probe  
  14  0:19  Pylon  
  14  0:25  Probe  
  15  0:35  Probe  
  15  0:41  Gateway  
  16  0:43  Probe  
  17  0:50  Assimilator  
  17  0:51  Probe  
  18  0:59  Assimilator  
  18  1:03  Probe  
  19  1:16  Probe  
  20  1:25  Gateway  
  20  1:28  Probe  
  21  1:33  Cybernetics Core  
  21  1:40  Probe  
  21  1:44  Pylon  
  22  1:52  Probe  
  23  1:59  Warp Gate  
  23  2:04  Probe  
  24  2:13  Stalker x2  
  28  2:16  Pylon  
  28  2:18  Probe  
  29  2:30  Probe  
  29  2:35  Pylon  
  30  2:42  Probe  
  31  2:45  Stalker x2  
  35  3:06  Twilight Council  
  35  3:15  Zealot x2  
  39  3:20  Probe  
  40  3:32  Probe  
  41  3:35  Pylon  
  41  3:40  Charge  
  41  3:46  Pylon  
  41  3:48  Probe  
  42  3:53  Zealot x2  
  46  4:00  Probe  
  47  4:07  Robotics Facility  
  47  4:12  Probe  
  48  4:19  Zealot  
  48  4:20  Zealot  
  52  4:34  Nexus  
  52  4:37  Pylon  
  46  5:06  Immortal  
  50  5:08  Zealot  
  50  5:09  Zealot  
  54  5:14  Pylon  
  54  5:15  Pylon  
  54  5:25  Robotics Bay  
  54  5:26  Probe  
  55  5:36  Stalker  
  55  5:38  Robotics Facility  
  57  5:44  Assimilator  
  57  5:46  Probe  
  57  5:48  Assimilator  
  58  5:58  Zealot  
  60  6:05  Probe x2  
  62  6:17  Probe x2  
  62  6:18  Extended Thermal Lance  
  64  6:22  Pylon x2, Stalker  
  66  6:37  Probe x2  
  68  6:46  Gateway  
  68  6:49  Gateway, Probe  
  69  6:59  Templar Archives  
  69  7:01  Probe x2  
  71  7:11  Colossus  
  71  7:13  Probe  
  78  7:25  Pylon  
  78  7:44  High Templar  
  78  7:45  High Templar x3  
  78  7:49  Archon x2  
  78  7:50  Forge  
  86  7:52  Forge  
  86  8:06  Probe  
  86  8:07  Probe  
  86  8:09  Colossus  
  86  8:10  Nexus  
  94  8:15  Blink  
  94  8:20  High Templar x2  
  94  8:24  Archon  
  94  8:25  Zealot  
  94  8:26  Zealot  
  102  8:28  Protoss Ground Weapons Level 1  
  102  8:30  Protoss Ground Armor Level 1  
  102  8:50  Gateway  
  102  8:53  Gateway  
  102  9:26  Zealot x4  
  102  9:27  Colossus  
  102  9:28  Colossus  
  122  9:33  Probe x3  
  122  9:36  Pylon  
  122  9:37  Pylon  
  125  9:39  Assimilator  
  125  9:45  Probe  
  126  9:50  Probe x2  
  128  9:56  Assimilator, High Templar  
  128  9:57  High Templar x2, Probe  
  135  10:02  Probe x2  
  135  10:06  High Templar  
  139  10:08  Archon  
  139  10:10  Archon  
  139  10:14  Zealot  
  139  10:15  Zealot  
  143  10:33  Stalker x2  
  143  10:34  Stalker  
  143  10:35  Stalker  
  151  10:45  Protoss Ground Weapons Level 2  
  151  10:48  Protoss Ground Armor Level 2  
  151  10:52  Stalker  
  151  10:53  Stalker  
  151  10:56  Probe x2  
  157  11:15  Pylon  
  157  11:16  Pylon  
  157  11:21  Pylon  
  157  11:24  Pylon  
  157  11:25  Pylon  
  157  11:26  Pylon  
  157  11:33  Probe x3  
  160  11:41  High Templar x3  
  160  11:42  High Templar  
  160  11:46  Pylon, Archon x2  
  168  11:48  Nexus, Stalker x2  
  172  11:54  Pylon x2  
  150  13:01  Observer x2  
  150  13:04  Stalker x4  
  150  13:05  Stalker x2  
  164  13:16  Probe x4  
  168  13:21  Assimilator  
  168  13:25  Assimilator  
  168  13:28  Gateway, Probe  
  168  13:29  Gateway  
  168  13:30  Gateway  
  168  13:33  Photon Cannon  
  169  13:36  Photon Cannon, High Templar x2, Gateway  
  169  13:37  High Templar x2  
  169  13:38  High Templar  
  169  13:39  High Templar  
  169  13:40  Protoss Ground Weapons Level 3, Protoss Ground Armor Level 3  
  181  13:43  Archon x2  
  181  13:44  Archon  
  179  14:05  Dark Shrine  
  172  14:20  Probe  
  171  14:41  Nexus  
  135  15:30  Zealot x2  
  135  15:31  Zealot x2  
  135  15:32  Zealot x4  
  135  15:33  Zealot  
  135  15:34  Zealot  
  135  15:35  Colossus x2  
  167  15:44  Probe x3  
  169  15:56  Probe x3  
  171  16:08  Probe  
  171  16:09  High Templar x2  
  171  16:10  High Templar x2  
  171  16:11  High Templar x2  
  182  16:12  High Templar x2  
  182  16:17  Archon x3  
  182  16:18  Archon  
  188  16:20  Zealot  
  188  16:21  Zealot  
  192  16:31  Gateway  
  192  16:33  Gateway  
  192  16:35  Gateway  
  192  16:38  Gateway  
  180  17:06  Zealot  
  180  17:07  Zealot x2  
  180  17:08  Zealot x2  
  190  17:11  Zealot x2  
  190  17:12  Zealot x2  
  190  17:13  Zealot  
  156  18:31  Dark Templar x3  
  156  18:32  Dark Templar x7  
  156  18:33  Dark Templar x2  
  176  18:34  Dark Templar  
Show
View Real Time Build Order
Export as new Build Order

CheeseMe Protoss 

Build Orders: Phoenix Opening, Carriers 

Get SALT Encoding   

  12  0:00  Probe  
  13  0:13  Pylon  
  13  0:18  Probe  
  14  0:34  Gateway  
  14  0:36  Probe  
  15  0:43  Assimilator  
  15  0:48  Probe  
  16  1:02  Gateway, Probe  
  17  1:14  Probe  
  17  1:23  Cybernetics Core  
  17  1:26  Probe  
  18  1:38  Probe  
  19  1:40  Pylon  
  19  1:50  Stalker x2  
  19  1:53  Assimilator  
  20  1:55  Warp Gate  
  23  2:30  Nexus  
  23  2:32  Probe  
  24  2:40  Probe  
  25  2:50  Stargate  
  21  3:12  Pylon  
  21  3:14  Shield Battery  
  21  3:15  Shield Battery  
  21  3:28  Probe  
  22  3:35  Phoenix  
  22  3:40  Probe  
  25  3:42  Stargate  
  25  4:00  Phoenix  
  27  4:08  Nexus  
  27  4:14  Pylon  
  27  4:17  Phoenix  
  27  4:30  Zealot  
  31  4:38  Stargate  
  31  4:39  Probe  
  31  4:42  Phoenix  
  34  4:55  Zealot x2  
  38  5:16  Pylon  
  38  5:18  Pylon  
  38  5:19  Assimilator  
  38  5:26  Nexus  
  38  5:29  Phoenix  
  38  5:34  Phoenix  
  42  5:46  Probe  
  43  5:58  Probe  
  44  6:11  Phoenix  
  46  6:28  Pylon  
  46  6:31  Pylon  
  46  6:32  Phoenix  
  46  6:34  Assimilator  
  46  6:35  Probe  
  49  6:40  Phoenix  
  49  6:45  Probe  
  50  6:47  Probe  
  53  6:57  Probe  
  53  6:59  Probe  
  55  7:06  Pylon  
  55  7:09  Probe  
  55  7:11  Probe  
  57  7:21  Probe  
  54  7:23  Probe  
  55  7:30  Probe  
  55  7:31  Fleet Beacon  
  55  7:35  Probe  
  57  7:38  Probe  
  58  7:48  Probe  
  59  7:59  Stargate  
  59  8:01  Stargate  
  59  8:09  Anion Pulse-Crystals  
  59  8:10  Probe  
  59  8:12  Nexus  
  60  8:17  Probe  
  61  8:22  Probe  
  62  8:29  Probe  
  63  8:38  Twilight Council  
  63  8:48  Oracle  
  64  9:16  Carrier x2  
  64  9:24  Charge  
  64  9:26  Carrier  
  82  9:37  Assimilator  
  82  9:42  Assimilator  
  82  9:44  Pylon  
  82  9:47  Pylon  
  82  9:48  Forge, Probe  
  82  9:50  Probe x2  
  85  10:00  Probe  
  85  10:02  Probe  
  87  10:19  Probe x2  
  87  10:20  Probe  
  90  10:30  Carrier  
  90  10:31  Carrier  
  102  10:38  Carrier  
  102  10:40  Probe  
  109  10:55  Cybernetics Core, Probe  
  109  10:59  Protoss Air Weapons Level 1  
  109  11:00  Probe x2  
  112  11:11  Photon Cannon  
  112  11:12  Pylon  
  112  11:14  Photon Cannon  
  112  11:18  Carrier  
  118  11:40  Carrier  
  115  11:49  Probe  
  115  11:51  Protoss Air Armor Level 1  
  122  11:58  Pylon  
  122  12:00  Pylon  
  122  12:02  Pylon  
  122  12:08  Carrier  
  128  12:20  Carrier  
  134  12:29  Zealot x2  
  138  12:32  Gateway  
  138  12:34  Gateway  
  130  12:46  Carrier  
  136  12:54  Carrier  
  122  13:12  Carrier  
  108  13:24  Oracle  
  111  13:31  Probe  
  112  13:37  Protoss Air Weapons Level 2  
  112  13:49  Nexus  
  112  13:51  Carrier  
  118  13:59  Carrier  
  118  14:01  Oracle  
  127  14:40  Carrier x2  
  132  15:02  Carrier  
  132  15:03  Carrier  
  132  15:04  Probe  
  143  15:07  Probe  
  143  15:09  Pylon  
  143  15:11  Pylon  
  144  15:15  Assimilator  
  144  15:19  Assimilator  
  144  15:42  Probe  
  145  15:45  Probe, Carrier x2  
  145  15:47  Carrier  
  158  15:50  Gateway  
  158  15:52  Gateway  
  158  15:55  Gateway  
  147  16:18  Carrier  
  147  16:19  Nexus  
  147  16:21  Pylon  
  147  16:22  Pylon  
  147  16:25  Assimilator  
  153  16:57  Zealot x3  
  153  16:58  Zealot x4  
  167  17:09  Nexus  
  165  17:37  Photon Cannon  
  165  17:40  Photon Cannon  
  171  17:52  Photon Cannon  
Show
View Real Time Build Order
Export as new Build Order

Throwfordays Protoss 

Build Orders: 1 Gate Expand 

Get SALT Encoding   

  12  0:02  Probe  
  13  0:15  Probe  
  14  0:21  Pylon  
  14  0:23  Probe  
  15  0:38  Probe  
  16  0:44  Gateway  
  16  0:50  Assimilator  
  16  0:51  Probe  
  17  1:03  Probe  
  18  1:26  Probe  
  19  1:37  Nexus  
  19  1:38  Probe  
  20  1:44  Cybernetics Core  
  20  1:57  Gateway  
  20  2:03  Pylon  
  20  2:06  Probe  
  21  2:16  Assimilator  
  21  2:18  Probe  
  22  2:27  Robotics Facility  
  22  2:29  Warp Gate  
  22  2:30  Probe  
  22  2:36  Adept  
  25  2:44  Adept  
  25  2:49  Probe  
  28  2:51  Probe  
  29  3:09  Immortal  
  29  3:10  Probe  
  30  3:13  Probe  
  30  3:18  Probe  
  35  3:25  Probe  
  35  3:26  Probe  
  38  3:37  Probe  
  39  3:46  Probe  
  40  3:49  Probe  
  40  3:50  Pylon  
  40  3:51  Assimilator  
  40  3:55  Assimilator  
  41  3:58  Probe  
  42  4:07  Immortal  
  46  4:11  Probe  
  46  4:13  Stargate  
  47  4:19  Probe  
  47  4:21  Probe  
  49  4:24  Protoss Air Weapons Level 1  
  49  4:29  Probe  
  49  4:33  Probe  
  51  4:38  Stargate  
  51  4:45  Probe  
  52  4:57  Pylon  
  52  4:58  Pylon  
  52  5:00  Pylon  
  52  5:15  Immortal  
  52  5:17  Probe  
  57  5:22  Void Ray  
  57  5:23  Void Ray  
  65  5:30  Probe  
  66  5:39  Gateway  
  66  5:40  Gateway  
  66  5:42  Probe  
  67  5:44  Pylon  
  67  5:49  Pylon  
  67  5:51  Pylon  
  67  5:54  Probe  
  68  5:58  Forge  
  68  6:01  Stalker x2  
  72  6:06  Probe  
  70  6:18  Probe  
  69  6:22  Probe  
  68  6:26  Void Ray  
  68  6:30  Probe  
  73  6:33  Void Ray  
  73  6:34  Probe  
  78  6:42  Probe  
  78  6:45  Photon Cannon  
  78  6:46  Probe  
  80  6:49  Photon Cannon  
  80  6:55  Photon Cannon  
  80  7:06  Stargate  
  80  7:09  Fleet Beacon  
  80  7:14  Cybernetics Core  
  80  7:28  Void Ray  
  84  7:30  Void Ray  
  84  7:36  Photon Cannon  
  88  7:42  Photon Cannon  
  88  8:00  Protoss Shields Level 1  
  88  8:06  Twilight Council  
  88  8:14  Protoss Air Weapons Level 2, Protoss Air Armor Level 1  
  88  8:20  Nexus  
  88  8:23  Pylon  
  88  8:28  Pylon  
  88  8:30  Assimilator  
  88  8:33  Assimilator  
  88  8:38  Pylon  
  88  8:50  Void Ray  
  88  8:54  Void Ray  
  96  10:00  Probe  
  96  10:04  Probe  
  98  10:12  Probe  
  99  10:16  Probe  
  99  10:20  Probe  
  101  10:24  Probe  
  102  10:28  Photon Cannon, Probe  
  102  10:30  Photon Cannon  
  102  10:33  Probe  
  102  10:34  Photon Cannon  
  104  10:36  Void Ray x3  
  104  10:37  Photon Cannon  
  104  10:40  Protoss Shields Level 2  
  116  10:43  Pylon  
  116  10:45  Pylon, Probe  
  116  10:48  Pylon  
  117  10:57  Probe  
  118  11:08  Protoss Air Weapons Level 3  
  118  11:09  Probe  
  118  11:10  Probe  
  120  11:18  Probe  
  120  11:23  Nexus  
  120  11:25  Pylon  
  121  11:27  Probe  
  121  11:28  Stargate  
  122  11:35  Anion Pulse-Crystals, Stargate  
  122  11:38  Resonating Glaives  
  122  11:55  Void Ray  
  122  11:56  Void Ray x2  
  134  12:05  Assimilator  
  134  12:09  Assimilator  
  134  12:11  Pylon  
  134  12:14  Photon Cannon  
  134  12:17  Photon Cannon  
  134  12:29  Stalker x2  
  137  12:30  Stalker x2  
  130  12:53  Stalker  
  130  12:54  Stalker x3  
  86  13:19  Stalker x2  
  80  13:20  Stalker x2  
  80  13:24  Void Ray  
  80  13:25  Void Ray x4  
  100  13:32  Probe  
  101  13:40  Nexus  
  101  13:43  Pylon  
  101  13:46  Pylon  
  101  13:48  Assimilator  
  101  13:52  Assimilator  
  101  14:03  Probe  
  101  14:07  Probe  
  103  14:15  Probe  
  104  14:19  Probe x2  
  106  14:24  Void Ray x2  
  106  14:25  Void Ray x2  
  106  14:27  Probe  
  123  14:31  Probe x2  
  123  14:32  Void Ray  
  129  14:43  Probe  
  118  14:55  Probe  
  87  15:08  Probe  
  87  15:12  Protoss Shields Level 3  
  88  15:20  Void Ray x4  
  88  15:21  Void Ray  
  108  15:33  Stalker  
  108  15:34  Stalker x2  
  108  15:35  Stalker  
  116  15:37  Protoss Air Armor Level 2  
  112  16:06  Void Ray x5  
  132  16:23  Probe  
  133  16:38  Stargate  
  133  16:40  Stargate  
  111  17:01  Void Ray x3  
  111  17:02  Void Ray x2  
  110  17:34  Void Ray x2  
Show
View Real Time Build Order
Export as new Build Order

Faust Zerg 

Build Orders: Pool First, Lurkers 

Get SALT Encoding   

  12  0:00  Drone  
  13  0:11  Drone  
  14  0:27  Spawning Pool  
  13  0:30  Drone  
  13  0:33  Extractor  
  13  0:37  Drone  
  14  0:45  Overlord  
  14  1:14  Zergling x6, Queen  
  19  1:25  Zergling x2  
  20  1:34  Metabolic Boost  
  20  1:36  Zergling x2  
  21  1:48  Overlord  
  21  1:57  Zergling x2  
  22  2:17  Zergling x2  
  23  2:23  Zergling x4  
  23  2:24  Zergling x4  
  27  2:37  Overlord  
  27  2:51  Hatchery  
  26  3:12  Drone x3  
  29  3:15  Drone x2  
  29  3:16  Extractor  
  28  3:46  Spore Crawler, Zergling x2  
  28  3:47  Zergling x8  
  32  4:09  Drone  
  33  4:10  Queen, Drone x2  
  33  4:12  Lair  
  33  4:15  Drone x3  
  41  4:31  Drone  
  41  4:32  Drone x2  
  41  4:37  Baneling Nest  
  42  4:39  Drone x2  
  30  5:03  Zergling x10  
  35  5:09  Spine Crawler  
  34  5:14  Hydralisk Den  
  34  5:16  Drone  
  34  5:17  Drone x3  
  34  5:20  Extractor  
  36  5:35  Spore Crawler  
  35  5:41  Spore Crawler  
  34  5:43  Drone x2  
  34  5:44  Overlord x2  
  35  6:08  Hydralisk x4  
  35  6:11  Drone x2  
  44  6:16  Drone x2  
  47  6:30  Lurker Den  
  46  6:35  Drone  
  46  6:36  Drone x4  
  51  6:41  Overlord  
  51  7:15  Drone x3  
  54  7:16  Drone x4  
  54  7:18  Drone  
  54  7:19  Drone  
  54  7:20  Hatchery  
  57  7:25  Hydralisk  
  57  7:27  Overlord  
  57  7:29  Extractor  
  58  7:38  Muscular Augments  
  58  7:40  Drone x2  
  58  7:43  Evolution Chamber  
  59  7:44  Evolution Chamber  
  57  8:08  Infestation Pit  
  57  8:10  Zerg Missile Weapons Level 1  
  57  8:11  Zerg Melee Weapons Level 1  
  56  8:13  Drone  
  56  8:14  Drone x10  
  56  8:17  Overlord  
  56  8:19  Overlord  
  67  8:33  Queen  
  69  8:35  Drone x5  
  69  8:38  Extractor x2  
  72  8:49  Grooved Spines  
  71  8:55  Spore Crawler  
  71  9:00  Drone x3  
  71  9:01  Drone x3  
  71  9:02  Hydralisk x2  
  75  9:03  Hydralisk x2  
  80  9:13  Lurker x2  
  80  9:14  Lurker  
  81  9:43  Overlord x2  
  81  9:59  Hatchery  
  80  10:04  Lurker  
  80  10:07  Lurker x3  
  84  10:10  Zergling x2  
  84  10:11  Zergling x14  
  92  10:17  Overseer  
  92  10:19  Burrow  
  92  10:22  Hive  
  92  10:23  Zerg Melee Weapons Level 2, Zerg Missile Weapons Level 2  
  92  10:27  Drone x2  
  94  11:11  Hydralisk  
  94  11:12  Hydralisk x4  
  94  11:13  Zergling x2  
  94  11:14  Overlord x5  
  105  11:31  Evolution Chamber  
  105  11:32  Queen  
  106  11:34  Ultralisk Cavern  
  106  11:37  Spire  
  106  11:38  Drone x2  
  106  11:56  Drone  
  106  11:57  Drone x3  
  110  12:07  Overlord  
  110  12:08  Overlord x3  
  110  12:11  Hatchery  
  109  12:18  Lurker  
  109  12:19  Lurker x2  
  109  12:20  Lurker x2  
  114  12:37  Adaptive Talons  
  111  13:18  Hydralisk  
  111  13:19  Hydralisk x14  
  125  13:25  Chitinous Plating  
  141  13:27  Zerg Missile Weapons Level 3, Zerg Melee Weapons Level 3  
  141  13:33  Drone  
  141  13:34  Drone  
  143  13:35  Queen  
  145  13:55  Drone x8  
  148  13:56  Drone  
  148  13:58  Drone x4  
  148  14:02  Corruptor  
  160  14:16  Adrenal Glands  
  160  14:23  Zerg Flyer Weapons Level 1  
  145  14:44  Anabolic Synthesis  
  94  15:06  Corruptor x9  
  94  15:07  Corruptor  
  98  15:18  Extractor  
  98  15:19  Extractor  
  98  15:23  Lurker  
  51  16:08  Zergling x2  
  51  16:09  Zergling x22  
  63  16:15  Zerg Ground Armor Level 1  
  63  16:25  Ultralisk x4  
  83  16:44  Corruptor  
  83  16:45  Corruptor  
  80  17:12  Corruptor x2  
  76  17:58  Zergling x8  
  77  17:59  Zergling x8  
  77  18:01  Zergling x8  
  77  18:02  Zergling x8  
Tags
 
Add a new tag
Caveats
  • Supply blocks, unpowered buildings, or Contaminate may cause inaccurate times.
  • Supply counts are checked every 10 seconds.